 Dungeon Crawl Stone Soup version 0.29.1-15-g9cfb28693d (webtiles) character file.

Game seed: 6429337408662201046

302 KittyFluff the Cudgeller (level 6, -2/39 HPs)
             Began as a Gargoyle Berserker on Apr 9, 2023.
             Was a Believer of Trog.
             Killed from afar by an orc wizard (8 damage)
             ... with a puff of flame
             ... on level 4 of the Dungeon.
             The game lasted 00:11:43 (3580 turns).

KittyFluff the Cudgeller (Gargoyle Berserker)       Turns: 3580, Time: 00:11:43

Health: -2/39      AC:  9    Str: 27    XL:     6   Next: 37%
Magic:  6/6        EV: 11    Int: 11    God:    Trog [**....]
Gold:   189        SH:  0    Dex:  8    Spells: 5/5 levels left

rFire   . . .      SeeInvis +   a - +0 mace
rCold   + . .      Faith    .   (no shield)
rNeg    + . .      Spirit   .   c - +0 leather armour
rPois   ∞          Reflect  .   (no helmet)
rElec   +          Harm     .   (no cloak)
rCorr   .          Rampage  .   (no gloves)
Will    .....                   m - +0 pair of boots
Stlth   +.........              (no amulet)
HPRegen 0.13/turn               h - ring "Hoxorhemi" {rC+ Str+7 Int+3 Dex-3 SInv}
MPRegen 0.10/turn               (no ring)

@: no status effects
A: sickness immunity, AC +4, negative energy resistance 1, electricity
resistance, torment resistance 1, petrification resistance
a: Renounce Religion, Berserk, Trog's Hand


You were on level 4 of the Dungeon.
You worshipped Trog.
Trog was pleased with you.
You visited 1 branch of the dungeon, and saw 4 of its levels.

You collected 189 gold pieces.

Inventory:

Hand Weapons
 a - a +0 mace (weapon)
 u - a +2 whip of freezing
Missiles
 g - 18 stones
 l - 6 poisoned darts (quivered)
 q - 3 boomerangs
Armour
 c - a +0 leather armour (worn)
 m - a +0 pair of boots (worn)
Jewellery
 h - the ring "Hoxorhemi" (left hand) {rC+ Str+7 Int+3 Dex-3 SInv}
   (You found it on level 2 of the Dungeon)

   [ring of see invisible]

   Str:       It affects your strength (+7).
   Int:       It affects your intelligence (+3).
   Dex:       It affects your dexterity (-3).
   rC:        It protects you from cold.
   SInv:      It lets you see invisible.
Scrolls
 d - 2 scrolls of enchant armour {unknown}
 i - a scroll of summoning {unknown}
 n - 5 scrolls of identify {unknown}
 o - a scroll of vulnerability {unknown}
 p - a scroll of poison {unknown}
 r - a scroll of teleportation {unknown}
 t - a scroll of blinking {unknown}
Potions
 b - a potion of mutation {unknown}
 e - a potion of ambrosia {unknown}
 f - a potion of brilliance {unknown}
 j - a potion of curing {unknown}
 k - a potion of heal wounds {unknown}
 s - 3 potions of lignification {unknown}


   Skills:
 + Level 4.7 Fighting
 + Level 5.2 Maces & Flails
 * Level 3.5 Armour
 + Level 2.3 Dodging


You had 5 spell levels left.
You didn't know any spells.
Your spell library was empty.

Dungeon Overview and Level Annotations

Branches:
Dungeon (4/15)
 Temple: D:4-7

Altars:
Ru
Sif Muna

Shops:
D:1 **[

Annotations:
D:3 2 transporters


Innate Abilities, Weirdness & Mutations

You are immune to sickness and miasma.
Your stone body is resilient. (AC +4)
You are immune to poison.
You resist negative energy. (rN+)
You are resistant to electric shocks. (rElec)
You are resistant to unholy torment.
You are immune to petrification.


Message History

The orc wizard casts a spell at you. The magic dart hits you!
Items here: $ ) ? †.
You hit the gnoll.
The gnoll is moderately wounded.
The gnoll hits you but does no damage.
You hit the gnoll.
The gnoll is heavily wounded.
The gnoll hits you with a +0 whip. The gnoll barely misses you.
You sock the gnoll!
You kill the gnoll!
Trog accepts your kill. The orc wizard casts a spell at you.
The magic dart hits you.
* * * LOW HITPOINT WARNING * * *
Things that are here:
a +0 whip; a scroll labelled ZUMPIERUUT; 12 gold pieces You hit the orc wizard but do no damage.
The orc wizard hits you but does no damage.
You closely miss the orc wizard. The orc wizard closely misses you.
You closely miss the orc wizard. The orc wizard casts a spell at you.
You resist with some effort.
You hit the orc wizard.
The orc wizard is lightly wounded.
The orc wizard gestures wildly while chanting.
The orc wizard flickers and vanishes for a moment.
You hit the orc wizard but do no damage.
The orc wizard is lightly wounded.
The orc wizard hits you but does no damage.
You barely miss the orc wizard.
The orc wizard is lightly wounded.
The orc wizard casts a spell at you. The magic dart hits you.
* * * LOW HITPOINT WARNING * * *
You thump the orc wizard!
The orc wizard is almost dead.
The orc wizard gestures at you while chanting.
The puff of flame hits you!
You die...

#.... ##..##
#.#.># ##....##
. ##..#
##.)##..###
#..##..####...#
#....## #####
#...## ##.##
#..####..#
#...o@).#
##...##...#
.....## ###..#
.... #...# ...
..## .. ## #


You could see an orc wizard (invisible).

Vanquished Creatures
  An ogre (D:3)
  An orc priest (D:4)
  Jessica (D:3)
  7 gnolls
  3 adders
  A worm (D:3)
  A dart slug (D:2)
  5 orcs
  An endoplasm (D:3)
  2 giant cockroaches
  7 goblins
  5 hobgoblins
  6 jackals (D:3)
  4 ball pythons
  5 bats
  2 frilled lizards (D:2)
  5 kobolds
  8 rats
65 creatures vanquished.

Notes
Turn   | Place    | Note
-------+----------+-------------------------------------------
     0 | D:1      | KittyFluff the Gargoyle Berserker began the quest for the
                  | Orb.
     0 | D:1      | Reached XP level 1. HP: 14/14 MP: 1/1
   291 | D:1      | Reached XP level 2. HP: 19/19 MP: 2/2
   294 | D:1      | Found Qiviq's General Store.
   316 | D:1      | Found Sacusuv's Armour Emporium.
   419 | D:1      | Found Tuuclo's General Store.
   708 | D:2      | Identified the ring "Hoxorhemi" {rC+ Str+7 Int+3 Dex-3
                  | SInv}
   932 | D:2      | Reached XP level 3. HP: 24/24 MP: 3/3
  1306 | D:2      | Reached ** piety under Trog
  1365 | D:3      | Found a transporter.
  1394 | D:3      | Found a transporter.
  1549 | D:3      | Noticed Jessica
  1572 | D:3      | HP: 1/24 [Jessica/nerve-wracking pain (6)]
  1574 | D:3      | Killed Jessica
  1575 | D:3      | Reached skill level 4 in Maces & Flails
  1575 | D:3      | Reached XP level 4. HP: 2/29 MP: 4/4
  2112 | D:3      | Found a sacrificial altar of Ru.
  2113 | D:3      | Found a shimmering blue altar of Sif Muna.
  2226 | D:3      | Noticed an ogre
  2236 | D:3      | Killed an ogre
  2237 | D:3      | Reached XP level 5. HP: 13/34 MP: 5/5
  2474 | D:3      | Found a faded altar of an unknown god.
  3040 | D:4      | Reached skill level 5 in Maces & Flails
  3040 | D:4      | Reached XP level 6. HP: 8/39 MP: 6/6
  3580 | D:4      | Killed from afar by an orc wizard

Illustrated notes

Levels and vault maps discovered:
D:1:      eino_arrival_cavern_b, layout_loops_ring, serial_shops, shop,
          nicolae_diamond_shop, nicolae_shop_trees
D:2:      layout_loops_ring, dk_noncrumbling_4
D:3:      gammafunk_wand_slinger, layout_loops_ring, jmf_multi_god_temple,
          basic_ecumenical_altar, uniq_jessica
D:4:      layout_layer_cave, makhleb_heckhound_becter, kennysheep_mini,
          serial_shops, nicolae_shop_waterfront, hangedman_decor_riveting

Skill      XL: |  1  2  3  4  5 |
---------------+----------------+-----
Fighting       | 4 |  4.7
Maces & Flails | 4 5 |  5.2
Armour         | 3 |  3.5
Dodging        | 2 |  2.3

Action                   |  1- 3 |  4- 6 || total
-------------------------+-------+-------++-------
Melee: Mace              |    79 |   107 ||   186
       Punch             |     1 |     1 ||     2
Throw: Dart              |     2 |       ||     2
Invok: Berserk           |     1 |     2 ||     3
Armor: Leather armour    |    27 |    36 ||    63
Dodge: Dodged            |    63 |    60 ||   123
